 Dungeon Crawl Stone Soup version 0.27.1 (webtiles) character file.

Game seed: 9556234773830547980

2539 rogsnak the Thaumaturge (level 9, -3/58 HPs)
             Began as a Djinni Fire Elementalist on Aug 26, 2021.
             Was an Initiate of Makhleb.
             Shot with an arrow by a centaur warrior (16 damage)
             ... on level 9 of the Dungeon.
             The game lasted 00:17:53 (10673 turns).

rogsnak the Thaumaturge (Djinni Fire Elementalist) Turns: 10673, Time: 00:17:53

Health: -3/58      AC:  5    Str:  7    XL:     9   Next: 85%
Gold:   583        EV: 14    Int: 19    God:    Makhleb [......] SH:  0 Dex: 19

rFire    + + .     SeeInvis +   B - +5 scythe of the Forgotten Seas {vamp, rN+ Will+ Dex+4}
rCold    . . .     Faith    .   (shield currently unavailable)
rNeg     + . .     Spirit   .   d - +1 robe {Will+}
rPois    ∞         Reflect  .   t - +1 helmet
rElec    .         Harm     .   e - scarf {+Inv}
rCorr    .         Rampage  .   (no gloves)
Will     ++...                  (boots unavailable)
Stlth    ++........             (no amulet)
HPRegen  0.19/turn              m - ring of see invisible
MPRegen  0.00/turn              u - ring of protection from cold

@: about to teleport, flying
A: sickness immunity, fire resistance 2, cold vulnerability 1, float, innate
caster, hp casting, extra vitality 1
a: Renounce Religion, Evoke Invisibility


You were on level 9 of the Dungeon.
You worshipped Makhleb.
Makhleb was noncommittal.
You visited 2 branches of the dungeon, and saw 10 of its levels.

You collected 583 gold pieces.

Inventory:

Hand Weapons
 b - a +0 dagger
 q - a +0 falchion
 y - a +4 vorpal mace
 B - the +5 scythe of the Forgotten Seas (weapon) {vamp, rN+ Will+ Dex+4}
   (You found it on level 6 of the Dungeon)

   It occasionally heals its wielder for a portion of the damage dealt when it
   wounds a living foe.
   Dex:       It affects your dexterity (+4).
   rN:        It protects you from negative energy.
   Will:      It increases your willpower.
 E - a +2 spear of venom
 K - a +3 mace of draining
 L - the +8 arbalest of Eternal War {speed, rF+ Int+3}
   (You found it on level 8 of the Dungeon)

   Attacks with this weapon are significantly faster.
   Int:       It affects your intelligence (+3).
   rF:        It protects you from fire.
Missiles
 I - 26 poisoned darts
 N - 28 bolts
Armour
 a - a +0 robe
 d - a +1 robe of willpower (worn)
 e - a scarf of invisibility (worn)
 h - a +0 buckler
 t - a +1 helmet (worn)
 w - the +5 kite shield of the Stallion {rN+ Int+2}
   (You found it on level 6 of the Dungeon)

   Int:       It affects your intelligence (+2).
   rN:        It protects you from negative energy.
 D - a +0 buckler
Jewellery
 m - a ring of see invisible (left hand)
 u - a ring of protection from cold (right hand)
 x - a ring of fire
Wands
 r - a wand of flame (36)
 G - a wand of mindburst (7)
 H - a wand of charming (7)
Scrolls
 c - 3 scrolls of immolation {unknown}
 f - 6 scrolls of teleportation
 g - a scroll of enchant weapon {unknown}
 j - 8 scrolls of identify {unknown}
 n - 3 scrolls of magic mapping {unknown}
 o - 2 scrolls of torment {unknown}
 p - a scroll of fear {unknown}
 C - 4 scrolls of noise {unknown}
 F - a scroll of summoning {unknown}
Potions
 i - a potion of resistance
 k - 2 potions of haste {unknown}
 l - 2 potions of heal wounds {unknown}
 s - 2 potions of curing {unknown}
 v - 2 potions of mutation {unknown}
 z - 2 potions of brilliance {unknown}
 A - a potion of cancellation {unknown}
 J - 3 potions of might
 M - a potion of degeneration {unknown}
 O - a potion of flight {unknown}


   Skills:
 + Level 1.8 Fighting
 + Level 4.7 Dodging
 - Level 1.5 Stealth
 + Level 9.5 Spellcasting


You had one spell level left.
You knew the following spells:

 Your Spells              Type           Power      Damage    Failure   Level
a - Foxfire               Conj/Fire      100%       2x1d9     1%          1
b - Conjure Flame         Conj/Fire      45%        6-21      1%          3
c - Inner Flame           Hex/Fire       45%        N/A       1%          3
d - Sticky Flame          Conj/Fire      45%        2d6       1%          4
e - Fireball              Conj/Fire      22%        3d10      4%          5
f - Sting                 Tmut/Pois      100%       1d8       1%          1
g - Corpse Rot            Necr/Air       N/A        N/A       1%          2
h - Call Canine Familiar  Summ           45%        N/A       1%          3
i - Hailstorm             Conj/Ice       45%        3d10      1%          4
Your spell library was empty.

Dungeon Overview and Level Annotations

Branches:
Dungeon (9/15)             Temple (1/1) D:7            Lair (0/6) D:8
    Orc: D:9-12

Altars:
Ashenzari
Cheibriados
Dithmenos
Elyvilon
Fedhas
Gozag
Hepliaklqana
Kikubaaqudgha
Makhleb
Nemelex Xobeh
Okawaru
Ru
Sif Muna
Trog
Uskayaw
Vehumet
Wu Jian
Xom
Yredelemnul
Zin
The Shining One

Shops:
D:4 ?   D:6 (   D:7 :

Annotations:
D:5 2 transporters
D:8 3 runed translucent doors, Golfball's ghost, novice TrBe


Innate Abilities, Weirdness & Mutations

You are immune to sickness and miasma.
You are immune to poison.
Your flesh is very heat resistant. (rF++)
You are vulnerable to cold. (rC-)
You float through the air rather than walking.
You learn spells naturally, not from books.
Your magical power is your life essence.
You have superior vitality. (+4 HP)


Message History

A hornet is nearby!
Casting: Foxfire (safe; 1% risk of failure)
Confirm with . or Enter, or press ? or * to list all spells.
Aiming: Fireball (dangerous; 4% risk of failure)
Press: ? - help, Shift-Dir - straight line The fireball explodes!
The fireball engulfs the hornet!
The hornet is heavily wounded.
The hornet buzzes angrily.
You hear a shout!
Unknown command.
A centaur warrior comes into view. x2
The centaur warrior shouts!
Casting: Fireball (dangerous; 4% risk of failure)
Confirm with . or Enter, or press ? or * to list all spells.
Aiming: Fireball (dangerous; 4% risk of failure)
Press: ? - help, Shift-Dir - straight line, f - centaur warrior
Aim: a centaur warrior, quivering arrows The fireball explodes!
The fireball engulfs the centaur warrior!!
The centaur warrior is moderately wounded.
The centaur warrior wields a +0 shortbow.
The centaur warrior shoots an arrow.
The arrow hits you!
The centaur warrior shoots an arrow.
The arrow hits you!!
* * * LOW HITPOINT WARNING * * *
Unknown command.
Casting: Fireball (dangerous; 4% risk of failure)
Confirm with . or Enter, or press ? or * to list all spells.
Aiming: Fireball (dangerous; 4% risk of failure)
Press: ? - help, Shift-Dir - straight line, f/p - centaur warrior
Aim: a centaur warrior, wielding a +0 shortbow and quivering arrows (moderately wounded)
Okay, then.
Okay, then.
Okay, then.
Okay, then.
Unknown command.
As you read the scroll labelled HAPNAV ISOACI, it crumbles to dust.
You feel strangely unstable.
It was a scroll of teleportation.
The centaur warrior wields a +0 shortbow.
The centaur warrior shoots an arrow.
The arrow barely misses you.
The centaur warrior shoots an arrow.
The arrow hits you!
You die...

#.##..##..#..##.
#.##..##..^##..
#.##..##Z##.# #.##..###.#
#.##c.#.# ## ######.##..#
.. #.......#..###.#
#.######.....#.# .
#...#..).....@...#.##....
#...#..########..........
#...#..########.##c##...#
#...#..)))......# ... #
#...##.########## ###c#
#...##.# .. #...##.# ..
#....#.### . #....#...#


You could see 2 centaur warriors and a howler monkey simulacrum.

Vanquished Creatures
  A wraith (D:8)
  A steam dragon (D:8)
  A water moccasin (D:4)
  An orc warrior (D:9)
  A black bear (D:4)
  A sky beast (D:6)
  An ice beast (D:7)
  2 centaurs (D:8)
  2 kobold brigands (D:8)
  A gnoll sergeant (D:7)
  Blork the orc (D:6)
  2 bullfrogs (D:8)
  A scorpion (D:7)
  2 wyvern skeletons (D:6)
  5 killer bees (D:8)
  5 electric eels (D:6)
  A bullfrog zombie (D:6)
  2 hounds
  A jelly (D:4)
  2 orc priests
  3 iguanas
  4 orc wizards
  Robin (D:4)
  8 gnolls
  9 adders
  4 white imps
  An ufetubus (D:6)
  An adder skeleton (D:4)
  A worm (D:3)
  A dart slug (D:3)
  10 orcs
  10 endoplasms
  5 giant cockroaches
  10 goblins
  11 hobgoblins
  5 quokkas
  6 ball pythons
  4 bats
  6 frilled lizards
  12 kobolds
  8 rats
154 creatures vanquished.

Vanquished Creatures (others)
  595 foxfires
  A fungus (D:8)
  2 plants (D:8)
598 creatures vanquished.

Grand Total: 752 creatures vanquished

Notes
Turn   | Place    | Note
-------+----------+-------------------------------------------
     0 | D:1      | rogsnak the Djinni Fire Elementalist began the quest for
                  | the Orb.
     0 | D:1      | Reached XP level 1. HP: 15/15 MP: 0/0
   236 | D:1      | Reached XP level 2. HP: 17/21 MP: 0/0
   557 | D:1      | Reached skill level 3 in Spellcasting
   659 | D:1      | Found a faded altar of an unknown god.
   876 | D:1      | Reached XP level 3. HP: 24/25 MP: 0/0
   876 | D:1      | Learned a level 1 spell: Sting
  1644 | D:2      | Found an ornate altar of the Wu Jian Council.
  2022 | D:2      | Reached XP level 4. HP: 28/31 MP: 0/0
  2882 | D:3      | Reached XP level 5. HP: 32/35 MP: 0/0
  2882 | D:3      | Learned a level 2 spell: Corpse Rot
  3302 | D:4      | Reached skill level 4 in Spellcasting
  3406 | D:4      | Noticed a black bear
  3412 | D:4      | Killed a black bear
  3413 | D:4      | Reached XP level 6. HP: 33/41 MP: 0/0
  3582 | D:4      | Noticed a water moccasin
  3587 | D:4      | Killed a water moccasin
  3588 | D:4      | Reached skill level 5 in Spellcasting
  3588 | D:4      | Reached XP level 7. HP: 28/46 MP: 0/0
  3588 | D:4      | Learned a level 3 spell: Call Canine Familiar
  3718 | D:4      | Found Socigal's Magic Scroll Shop.
  3780 | D:4      | Found a basalt altar of Yredelemnul.
  3782 | D:4      | Noticed a profane servitor
  4004 | D:4      | Noticed Robin
  4012 | D:4      | Killed Robin
  4112 | D:4      | Found an ornate altar of the Wu Jian Council.
  4239 | D:4      | Found an opulent altar of Gozag.
  4317 | D:4      | Found a glowing golden altar of the Shining One.
  4319 | D:4      | Noticed an angel
  4463 | D:5      | Entered Level 5 of the Dungeon
  5024 | D:5      | Found a transporter.
  5027 | D:5      | Found a transporter.
  5028 | D:5      | Found an iron altar of Okawaru.
  5039 | D:5      | Noticed a yak
  5589 | D:6      | Found a burning altar of Makhleb.
  5663 | D:6      | Identified the +5 kite shield of the Stallion {rN+ Int+2}
  5686 | D:6      | Reached skill level 1 in Fighting
  5686 | D:6      | Reached skill level 6 in Spellcasting
  5749 | D:6      | Reached XP level 8. HP: 46/52 MP: 0/0
  5806 | D:6      | Noticed Blork the orc
  5811 | D:6      | Killed Blork the orc
  5940 | D:6      | Found Emotithrago's Weapon Shoppe.
  5984 | D:6      | Reached skill level 7 in Spellcasting
  6579 | D:6      | Identified the +5 scythe of the Forgotten Seas {vamp, rN+
                  | Will+ Dex+4}
  7413 | D:7      | Reached XP level 9. HP: 30/57 MP: 0/0
  7413 | D:7      | Learned a level 4 spell: Hailstorm
  7577 | D:7      | Found a staircase to the Ecumenical Temple.
  7589 | Temple   | Entered the Ecumenical Temple
  7721 | D:6      | Became a worshipper of Makhleb the Destroyer
  7797 | D:7      | Found Xeatyef's Book Shoppe.
  8403 | D:8      | Reached skill level 8 in Spellcasting
  8416 | D:8      | Found a runed translucent gate.
  8418 | D:8      | Found a runed translucent gate.
  8419 | D:8      | Found a runed translucent gate.
  8419 | D:8      | Noticed Golfball's ghost (novice TrBe)
  8875 | D:8      | Found a staircase to the Lair.
  9322 | D:8      | Reached skill level 9 in Spellcasting
  9932 | D:8      | Found a hazy altar of Hepliaklqana.
 10139 | D:8      | Identified the +8 arbalest of Eternal War {speed, rF+
                  | Int+3}
 10666 | D:9      | Noticed a hornet
 10669 | D:9      | Noticed a centaur warrior
 10669 | D:9      | Noticed a centaur warrior
 10673 | D:9      | Shot with an arrow by a centaur warrior

Illustrated notes

Levels and vault maps discovered:
D:1:      psy_arrival_terrarium, layout_basic, chequers_ecumenical_altar_grove,
          minivault_19
D:2:      layout_basic, basic_altar
D:3:      layout_basic, serial_corexii_hall, corexii_hall_statues_deadend,
          chequers_hall_statues_y
D:4:      layout_loops_ring, nzn_wu_jian_contemplation,
          grunt_temple_overflow_holy_war, grunt_gozag_breadcrumbs, serial_shops,
          shop, fountainhead, uniq_robin
D:5:      layout_loops_ring, gammafunk_temple_overflow_arena
D:6:      layout_basic, amcnicky_altar_gilded, serial_shops, shop,
          kennysheep_boxes, uniq_blork_the_orc
D:7:      layout_cave_pods, minmay_temple_entry_junction_2, serial_shops,
          nicolae_shop_stone
D:8:      layout_gridville, nzn_hepliaklqana_mist_gate, dpeg_oklobed_lair,
          ebering_ghost_rock_garden
D:9:      layout_basic, gammafunk_ghost_split, minmay_diamond_spiral, uniq_pikel
Temple:   eino_temple_water

Skill      XL: |  1  2  3  4  5  6  7  8  9 |
---------------+----------------------------+-----
Spellcasting   | 3 4 5 6 7 9 |  9.5
Dodging        | 3 4 |  4.7
Fighting       | 1 |  1.8
Stealth        | |  1.5

Action                   |  1- 3 |  4- 6 |  7- 9 || total
-------------------------+-------+-------+-------++-------
Melee: Dagger            |    16 |     6 |       ||    22
       Unarmed           |     1 |       |       ||     1
       Falchion          |       |     3 |     6 ||     9
       Mace              |       |       |     6 ||     6
       Scythe            |       |       |    13 ||    13
 Cast: Foxfire           |    67 |    78 |   211 ||   356
       Sting             |     1 |       |       ||     1
       Sticky Flame      |       |     1 |     9 ||    10
       Fireball          |       |       |    14 ||    14
       Hailstorm         |       |       |     2 ||     2
  Use: Scroll            |       |       |     1 ||     1
 Stab: Sleeping          |     1 |     1 |       ||     2
Armor: Robe              |     4 |     1 |     9 ||    14
Dodge: Dodged            |    16 |     4 |    39 ||    59
       Rpst.: Falchion   |       |     1 |     5 ||     6
